 Dungeon Crawl Stone Soup version 0.28.0-62-gf88900778d (webtiles) character file.

Game seed: 3619162229670455085

3149 cbfl8 the Chopper (level 9, 0/102 HPs)
             Began as a Demonspawn Berserker on July 2, 2023.
             Was a Priest of Trog.
             Succumbed to an orc warrior's poison
             ... on level 8 of the Dungeon.
             The game lasted 00:07:01 (8418 turns).

cbfl8 the Chopper (Demonspawn Berserker)            Turns: 8418, Time: 00:07:02

Health: 0/102      AC: 10    Str: 18    XL:     9   Next: 62%
Magic:  9/9        EV: 10    Int:  9    God:    Trog [***...]
Gold:   425        SH:  4    Dex: 22    Spells: 8/8 levels left

rFire   . . .      SeeInvis .   z - +1 broad axe (flame)
rCold   + . .      Faith    .   (no shield)
rNeg    . . .      Spirit   .   i - +0 scale mail
rPois   .          Reflect  .   o - +2 hat
rElec   .          Harm     .   n - +0 cloak
rCorr   .          Rampage  .   (no gloves)
Will    .....                   (boots unavailable)
Stlth   ..........              (no amulet)
HPRegen 0.27/turn               w - ring of protection from cold
MPRegen 0.11/turn               u - +6 ring of dexterity

@: berserking, lethally poisoned (0 -> -15), very quick
A: claws 1, hooves 3, horns 1, demonic guardian 2, condensation shield
a: Renounce Religion, Berserk, Trog's Hand


You were on level 8 of the Dungeon.
You worshipped Trog.
Trog was most pleased with you.
You visited 1 branch of the dungeon, and saw 8 of its levels.
You also visited: Ossuary.

You collected 425 gold pieces.

Inventory:

Hand Weapons
 c - a +2 hand axe of electrocution
 z - a +1 broad axe of flaming (weapon)
Armour
 i - a +0 scale mail (worn)
 n - a +0 cloak (worn)
 o - a +2 hat (worn)
Jewellery
 a - a ring of see invisible
 d - an amulet of guardian spirit
 k - a ring of flight
 u - a +6 ring of dexterity (right claw)
 w - a ring of protection from cold (left claw)
Wands
 b - a wand of paralysis (25)
 t - a wand of digging (7)
 v - a wand of flame (26)
Scrolls
 e - 6 scrolls of blinking
 f - a scroll of teleportation
 g - a scroll of immolation {unknown}
 q - a scroll of enchant weapon
 y - a scroll of summoning {unknown}
Potions
 h - 2 potions of brilliance {unknown}
 j - 7 potions of curing
 l - 3 potions of heal wounds {unknown}
 m - a potion of mutation {unknown}
 p - a potion of cancellation {unknown}
 r - 2 potions of flight {unknown}
 s - 2 potions of haste {unknown}


   Skills:
 + Level 5.4 Fighting
 + Level 7.7 Axes
 + Level 5.4 Armour
 - Level 1.7 Dodging
 * Level 4.9 Stealth
 + Level 1.4 Shields
 * Level 6.0 Evocations


You had 8 spell levels left.
You didn't know any spells.
Your spell library was empty.

Dungeon Overview and Level Annotations

Branches:
Dungeon (8/15)             Temple (0/1) D:6         Ossuary (visited)
   Lair: D:8-11

Altars:
Ashenzari
Dithmenos
Elyvilon
Hepliaklqana
Nemelex Xobeh
Okawaru
Xom


Innate Abilities, Weirdness & Mutations

You have sharp fingernails.
You have hooves in place of feet.
You have a pair of small horns on your head.
A demonic guardian rushes to your aid.
A meltable shield of frost defends you. (SH +4)


Message History

You feel very sick. The orc warrior closely misses you.
Unknown command.
You closely miss the orc warrior. Your kick misses the orc warrior.
You feel very sick.
The orc warrior hits you with a +0 glaive of venom!
You are more poisoned.
Unknown command.
You hit the orc warrior but do no damage.
You kick the orc warrior, but do no damage.
You claw the orc warrior.
The orc warrior is moderately wounded.
You feel very sick.
The orc warrior hits you with a +0 glaive of venom!!
You are lethally poisoned!
You are too injured to fight recklessly!
Unknown command.
You are too injured to fight recklessly!
A red film seems to cover your vision as you go berserk!
You feel yourself moving faster!
You feel mighty!
You feel very sick.
The orc warrior hits you with a +0 glaive of venom.
* * * LOW HITPOINT WARNING * * *
You hit the orc warrior. You burn the orc warrior. You kick the orc warrior!
The orc warrior is almost dead.
* * * LOW HITPOINT WARNING * * *
You feel very sick. The orc warrior closely misses you.
You closely miss the orc warrior. Your kick misses the orc warrior.
Your headbutt misses the orc warrior.
The orc warrior is almost dead.
* * * LOW HITPOINT WARNING * * *
You feel very sick.
The orc warrior hits you with a +0 glaive of venom!
* * * LOW HITPOINT WARNING * * *
A demonic guardian appears!
You slice the orc warrior!! You burn the orc warrior.
You kill the orc warrior!
Trog accepts your kill.
You die...

#....#...........#.......
###############'###+##..###..##..
#................#..##..###..##..
+................'..#...#....####
#................#..#...#....#...
#................#..#...#....'...
....######.......#..'...#.<..#...
....#....#.....))##########.##...
....#....#######@.4.....# #.###..
....#..........'.)......# ♣.♣ #..
....#..........#........#♣♣.♣♣#..
....#'#####.##.#.................
#####...######.##......##♣♣.♣ #..
.).....>........#......# #..
................#......####.## ##
................+......'.....+
#################......#######


You could see a friendly orange demon (summoned).

Vanquished Creatures
  Maggie (D:8)
  Grinder (D:3)
  Prince Ribbit (D:7)
  A steam dragon (D:7)
  An orc warrior (D:8)
  A black bear (D:5)
  2 necrophages
  An ogre (D:6)
  A centaur (D:6)
  2 phantoms
  An elf zombie (Ossuary)
  A bullfrog (D:8)
  Blork the orc (D:6)
  An elf skeleton (D:6)
  2 gnoll sergeants (D:7)
  2 scorpions
  A wyvern skeleton (D:7)
  4 killer bees (D:7)
  3 howler monkeys (D:8)
  A centaur zombie (D:6)
  A jelly (D:6)
  2 human zombies
  2 hounds (D:5)
  Crazy Yiuf (D:7)
  A centaur skeleton (D:4)
  2 gnoll shamans (D:7)
  2 orc priests (D:5)
  2 bullfrog skeletons
  A human skeleton (D:6)
  2 iguanas
  3 orc wizards
  A hound skeleton (D:4)
  3 mummies (Ossuary)
  A howler monkey zombie (D:8)
  13 gnolls
  4 adders
  A shadow imp (D:6)
  2 white imps
  An adder zombie (Ossuary)
  3 dart slugs
  2 worms (D:2)
  8 orcs
  4 ball pythons
  5 endoplasms
  2 giant cockroaches
  A gnoll zombie (Ossuary)
  7 goblins
  6 hobgoblins
  7 jackals
  7 quokkas
  5 bats
  6 frilled lizards
  2 goblin zombies (Ossuary)
  2 hobgoblin zombies (Ossuary)
  2 jackal zombies (Ossuary)
  10 kobolds
  A kobold zombie (Ossuary)
  An orc skeleton (D:6)
  3 orc zombies
  8 rats
166 creatures vanquished.

Vanquished Creatures (collateral kills)
  A mummy (Ossuary)
1 creature vanquished.

Vanquished Creatures (others)
  5 dream sheep (D:4)
  2 fungi (D:7)
  51 plants
58 creatures vanquished.

Grand Total: 225 creatures vanquished

Notes
Turn   | Place    | Note
-------+----------+-------------------------------------------
     0 | D:1      | cbfl8 the Demonspawn Berserker began the quest for the Orb.
     0 | D:1      | Reached XP level 1. HP: 18/18 MP: 1/1
   154 | D:1      | Found a faded altar of an unknown god.
   442 | D:1      | Reached skill level 1 in Evocations
   442 | D:1      | Discovered your monstrous ancestry.
   442 | D:1      | Gained mutation: You have a pair of small horns on your
                  | head. [demonic ancestry]
   442 | D:1      | Reached XP level 2. HP: 24/24 MP: 2/2
   606 | D:1      | Reached skill level 3 in Axes
   903 | D:2      | Gained mutation: You have large cloven feet. [demonic
                  | ancestry]
   903 | D:2      | Reached XP level 3. HP: 29/29 MP: 3/3
   990 | D:2      | Reached ** piety under Trog
   995 | D:2      | Reached skill level 1 in Stealth
  1432 | D:2      | Gained mutation: You have sharp fingernails. [demonic
                  | ancestry]
  1432 | D:2      | Reached XP level 4. HP: 35/35 MP: 4/4
  1793 | D:3      | Found a shimmering altar of Xom.
  1814 | D:3      | Gained mutation: You have hoof-like feet. [demonic
                  | ancestry]
  1814 | D:3      | Reached XP level 5. HP: 32/42 MP: 5/5
  2207 | D:3      | Noticed Grinder
  2222 | D:3      | Killed Grinder
  2223 | D:3      | Reached skill level 4 in Axes
  2223 | D:3      | Gained mutation: You have hooves in place of feet. [demonic
                  | ancestry]
  2223 | D:3      | Reached XP level 6. HP: 48/48 MP: 6/6
  2305 | D:3      | Found a hazy altar of Hepliaklqana.
  2924 | D:4      | Noticed a dream sheep
  2924 | D:4      | Noticed a dream sheep
  2924 | D:4      | Noticed a dream sheep
  2924 | D:4      | Noticed a dream sheep
  2924 | D:4      | Noticed a dream sheep
  2924 | D:4      | Found a shimmering altar of Xom.
  2929 | D:4      | Killed a dream sheep
  2930 | D:4      | Killed a dream sheep
  2930 | D:4      | Killed a dream sheep
  2930 | D:4      | Killed a dream sheep
  2931 | D:4      | Killed a dream sheep
  3383 | D:5      | Entered Level 5 of the Dungeon
  3696 | D:5      | Gained mutation: A meltable shield of frost defends you.
                  | (SH +4) [demonic ancestry]
  3696 | D:5      | Reached XP level 7. HP: 54/54 MP: 7/7
  3732 | D:5      | Reached skill level 5 in Axes
  3973 | D:5      | Found an iron altar of Okawaru.
  4986 | D:6      | Gained mutation: A weak demonic guardian rushes to your
                  | aid. [demonic ancestry]
  4986 | D:6      | Reached XP level 8. HP: 28/61 MP: 8/8
  5080 | D:6      | Found a sand-covered staircase.
  5090 | Ossuary  | Entered an ossuary
  5100 | Ossuary  | Reached *** piety under Trog
  5112 | Ossuary  | Reached skill level 6 in Axes
  5879 | D:6      | Noticed Blork the orc
  5886 | D:6      | Killed Blork the orc
  6095 | D:6      | Reached skill level 5 in Fighting
  6118 | D:6      | Found a shadowy altar of Dithmenos.
  6424 | D:6      | Found a staircase to the Ecumenical Temple.
  6438 | D:6      | Reached skill level 5 in Evocations
  6802 | D:6      | Found a sparkling altar of Nemelex Xobeh.
  7085 | D:7      | Gained mutation: A demonic guardian rushes to your aid.
                  | [demonic ancestry]
  7085 | D:7      | Reached XP level 9. HP: 68/68 MP: 9/9
  7122 | D:7      | Found a broken altar of Ashenzari.
  7214 | D:7      | Reached skill level 7 in Axes
  7224 | D:7      | Reached skill level 1 in Shields
  7225 | D:7      | Found the +8 woodcutter's axe {vorpal}
  7520 | D:7      | Noticed Prince Ribbit
  7532 | D:7      | Killed Prince Ribbit
  7533 | D:7      | Reached skill level 5 in Armour
  7747 | D:7      | Found a runed translucent door.
  7748 | D:7      | Noticed Crazy Yiuf
  7755 | D:7      | Killed Crazy Yiuf
  8178 | D:8      | Noticed Maggie
  8195 | D:8      | Killed Maggie
  8417 | D:8      | HP: 3/102 [orc warrior/+0 glaive of venom (16)]
  8418 | D:8      | Succumbed to an orc warrior's poison

Illustrated notes

Levels and vault maps discovered:
D:1:      dpeg_arrival_round_c, layout_rooms, basic_ecumenical_altar,
          dk_noncrumbling_2, lexackson_kobold_supper
D:2:      layout_basic
D:3:      wad_woods_stonehenge, layout_basic,
          mainiacjoe_overflow_concentric_impassable,
          minmay_misc_feat_four_crosses, minmay_misc_feat_ornament,
          minmay_misc_feat_tower, minmay_misc_feat_rugged, uniq_grinder
D:4:      layout_basic, kb_xom_exploding_sheep
D:5:      layout_gridville, lemuel_doored_altar, st_stairs_14
D:6:      layout_gridville, nemelex_spade_bored_becter,
          mainiacjoe_overflow_24_doors, temple_doors_cd,
          nicolae_ossuary_entry_catacombs, uniq_blork_the_orc
D:7:      layout_rooms, nicolae_elyvilon_peaceful_grove,
          evilmike_ruin_ashenzari, pf_guarded_unrand_woodcutter,
          uniq_prince_ribbit1, uniq_crazy_yiuf_cottage
D:8:      layout_gridville, kennysheep_orc_sif_temple,
          mainiacjoe_overflow_tiny_flanked, minmay_tree_intersection,
          uniq_maggie

Skill      XL: |  1  2  3  4  5  6  7  8  9 |
---------------+----------------------------+-----
Evocations     | 1 2 3 4 5 6 |  6.0
Axes           | 3 4 5 6 7 |  7.7
Stealth        | 1 2 3 4 |  4.9
Armour         | 2 3 4 5 |  5.4
Fighting       | 4 5 |  5.4
Shields        | 1 |  1.4
Dodging        | |  1.7

Action                   |  1- 3 |  4- 6 |  7- 9 || total
-------------------------+-------+-------+-------++-------
Melee: Hand axe          |    81 |   102 |   196 ||   379
       Headbutt          |     6 |     9 |    43 ||    58
       Kick              |    11 |    25 |    84 ||   120
       Punch             |       |     1 |     4 ||     5
       War axe           |       |       |    19 ||    19
       Broad axe         |       |       |     7 ||     7
Invok: Berserk           |     1 |     1 |     7 ||     9
       Trog's Hand       |       |       |     1 ||     1
  Use: Scroll            |       |     3 |     8 ||    11
 Stab: Sleeping          |     2 |       |       ||     2
Armor: Animal skin       |     8 |       |       ||     8
       Scale mail        |    23 |    40 |    56 ||   119
Dodge: Dodged            |    45 |    46 |    98 ||   189
Block: Other             |       |       |    36 ||    36
